 Dungeon Crawl Stone Soup version 0.28.0-45-g0d030f2227 (webtiles) character file.

Game seed: 5992141271166941485

73 Andrea the Magician (level 4, 0/24 HPs)
             Began as a Deep Elf Hedge Wizard on Apr 8, 2022.
             Constricted to death by a ball python (1 damage)
             ... on level 3 of the Dungeon.
             The game lasted 00:03:52 (2856 turns).

Andrea the Magician (Deep Elf Hedge Wizard)         Turns: 2856, Time: 00:03:53

Health: 0/24       AC:  2    Str:  9    XL:     4   Next: 8%
Magic:  13/14      EV:  9    Int: 19    God:
Gold:   106        SH:  0    Dex: 14    Spells: 4/15 levels left

rFire   . . .      SeeInvis .   a - +0 dagger
rCold   . . .      Faith    .   (no shield)
rNeg    . . .      Spirit   .   b - +0 robe
rPois   .          Reflect  .   c - +0 hat
rElec   .          Harm     .   (no cloak)
rCorr   .          Rampage  .   (no gloves)
Will    .....                   (no boots)
Stlth   ++........              (no amulet)
HPRegen 0.08/turn               (no ring)
MPRegen 0.14/turn               (no ring)

@: constricted
A: no striking features
a: no special abilities


You were on level 3 of the Dungeon.
You visited 1 branch of the dungeon, and saw 3 of its levels.

You collected 106 gold pieces.

Inventory:

Hand Weapons
 a - a +0 dagger (weapon)
Armour
 b - a +0 robe (worn)
 c - a +0 hat (worn)
Wands
 l - a wand of charming (6)
Scrolls
 d - 3 scrolls of identify {unknown}
 g - 2 scrolls of magic mapping {unknown}
 h - a scroll of immolation {unknown}
Potions
 e - a potion of attraction {unknown}
 f - 2 potions of haste {unknown}
 i - 2 potions of mutation {unknown}
 j - a potion of lignification {unknown}
 k - a potion of heal wounds {unknown}


   Skills:
 - Level 2.4 Dodging
 - Level 2.4 Stealth
 + Level 6.2 Spellcasting
 * Level 2.3 Conjurations
 - Level 1.1 Summonings
 - Level 1.1 Translocations
 * Level 0.1 Air Magic
 * Level 0.3 Poison Magic


You had 4 spell levels left.
You knew the following spells:

 Your Spells              Type           Power      Damage    Failure   Level
a - Magic Dart            Conj           56%        1d5       4%          1
b - Call Imp              Summ           10%        N/A       11%         2
c - Mephitic Cloud        Conj/Pois/Air  9%         N/A       22%         3
d - Conjure Flame         Conj/Fire      10%        6-21      21%         3
e - Blink                 Tloc           20%        N/A       11%         2

Your spell library contained the following spells:

 Spells                   Type           Power      Damage    Failure   Level
 Slow                     Hex            20%        N/A       11%         1
 Dazzling Flash           Conj/Hex       20%        N/A       21%         3
 Silence                  Hex/Air        3%         N/A       96%         5
 Agony                    Necr           5%         N/A       97%         5


Dungeon Overview and Level Annotations

Branches:
Dungeon (3/15)

Altars:


Message History

The plant is constricted.
Something bites the plant.
The plant is constricted.
Something bites the plant.
The plant is constricted.
You see here 11 stones.
Something bites the plant.
The plant is constricted.
Something bites the plant.
The plant is constricted.
A nearby plant withers and dies.
Something loses its grip on the plant.
A ball python is nearby!
A bullfrog zombie and a hobgoblin come into view.
The helpless bullfrog zombie fails to defend itself.
You puncture the bullfrog zombie!
The bullfrog zombie is moderately damaged.
The bullfrog zombie closely misses you. The bullfrog zombie closely misses you.
The bullfrog zombie hits you. The ball python closely misses you.
The ball python barely misses you.
Casting: Magic Dart (safe; 4% risk of failure)
Confirm with . or Enter, or press ? or * to list all spells.
Aiming: Magic Dart (safe; 4% risk of failure)
Press: ? - help, Shift-Dir - straight line, f - bullfrog zombie
Aim: a bullfrog zombie (moderately damaged, 100% to hit)
The magic dart hits the bullfrog zombie.
The bullfrog zombie is moderately damaged.
The bullfrog zombie hits you but does no damage.
The ball python bites you. The ball python grabs you.
The ball python constricts you.
You hit the ball python but do no damage.
The bullfrog zombie barely misses you. The ball python bites you.
The ball python constricts you. The bullfrog zombie hits you.
You closely miss the ball python. The ball python bites you.
The ball python constricts you. The bullfrog zombie hits you.
* * * LOW HITPOINT WARNING * * *
The ball python bites you but does no damage.
The ball python constricts you.
Unknown command.
You barely miss the ball python. The bullfrog zombie hits you.
* * * LOW HITPOINT WARNING * * *
The ball python bites you.
* * * LOW HITPOINT WARNING * * *
The ball python constricts you.
You die...

....###### ##...
.......... ....
....######## #...
##....#.....
#...##### ........♣
♣..#..g?...
.......♣♣ ♣......?♣
.PPP.P.♣♣♣♣♣♣♣....♣
P...P..P♣.P♣.♣♣♣♣Z♣
..P.......♣..♣.♣@P♣
.....P...♣♣.P.♣♣S♣♣
........♣..♣.PP(♣.♣
..........♣♣.♣.PP♣♣
.........♣♣..♣..♣♣
..........♣.P..♣♣
♣P.........P♣.♣♣
.P♣P.....P..P♣.
..P♣........♣ .P


You could see a bullfrog zombie and a ball python.

Vanquished Creatures
  Ijyb (D:3)
  4 endoplasms
  3 giant cockroaches
  4 goblins (D:1)
  A hobgoblin (D:2)
  5 jackals (D:2)
  2 quokkas
  3 ball pythons
  6 bats
  4 frilled lizards (D:2)
  4 kobolds
  5 rats
42 creatures vanquished.

Vanquished Creatures (collateral kills)
  A worm (D:2)
1 creature vanquished.

Vanquished Creatures (others)
  6 plants (D:3)
6 creatures vanquished.

Grand Total: 49 creatures vanquished

Notes
Turn   | Place    | Note
-------+----------+-------------------------------------------
     0 | D:1      | Andrea the Deep Elf Hedge Wizard began the quest for the
                  | Orb.
     0 | D:1      | Reached XP level 1. HP: 10/10 MP: 7/7
   511 | D:1      | Reached skill level 5 in Spellcasting
   511 | D:1      | Reached XP level 2. HP: 15/15 MP: 8/10
   514 | D:1      | Learned a level 2 spell: Call Imp
  1121 | D:1      | Found a faded altar of an unknown god.
  1209 | D:1      | You fall into a shaft and drop 1 floor!
  1516 | D:2      | Reached XP level 3. HP: 19/19 MP: 8/12
  1955 | D:2      | Learned a level 3 spell: Mephitic Cloud
  1959 | D:2      | Learned a level 3 spell: Conjure Flame
  1962 | D:2      | Learned a level 2 spell: Blink
  2569 | D:3      | Noticed Ijyb
  2632 | D:3      | Killed Ijyb
  2633 | D:3      | Reached skill level 6 in Spellcasting
  2633 | D:3      | Reached XP level 4. HP: 10/24 MP: 0/14
  2856 | D:3      | HP: 1/24 [ball python (2)]
  2856 | D:3      | Constricted to death by a ball python

Illustrated notes

Levels and vault maps discovered:
D:1:      scummos_arrival_simple_fountains, layout_loops_ring,
          shapermc_ecumenical_altar_hornbeckon, minmay_fountain_box
D:2:      layout_loops_ring
D:3:      wad_woods_pond, layout_basic, uniq_ijyb

Skill      XL: |  1  2  3 |
---------------+----------+-----
Spellcasting   | 5 6 |  6.2
Conjurations   | 2 |  2.3
Dodging        | |  2.4
Stealth        | |  2.4
Summonings     | |  1.1
Translocations | |  1.1
Air Magic      | |  0.1
Poison Magic   | |  0.3

Action                   |  1- 3 |  4- 6 || total
-------------------------+-------+-------++-------
Melee: Dagger            |       |     4 ||     4
 Cast: Magic Dart        |   115 |     4 ||   119
       Call Imp          |     2 |       ||     2
 Stab: Sleeping          |       |     1 ||     1
Armor: Robe              |     4 |     2 ||     6
Dodge: Dodged            |    13 |     5 ||    18
